 Dungeon Crawl Stone Soup version 0.28.0-53-g5a82cb258f (webtiles) character file.

Game seed: 5273948810421217060

44 Infinimo the Cudgeller (level 3, -2/24 HPs)
             Began as a Gargoyle Berserker on June 14, 2022.
             Was a Follower of Trog.
             Killed from afar by an orc wizard (4 damage)
             ... with a magic dart
             ... on level 2 of the Dungeon.
             The game lasted 00:01:23 (1484 turns).

Infinimo the Cudgeller (Gargoyle Berserker)         Turns: 1484, Time: 00:01:23

Health: -2/24      AC:  5    Str: 22    XL:     3   Next: 60%
Magic:  3/3        EV: 11    Int:  7    God:    Trog [*.....]
Gold:   11         SH:  0    Dex:  9    Spells: 2/2 levels left

rFire   . . .      SeeInvis .   a - +0 mace
rCold   . . .      Faith    .   (no shield)
rNeg    + . .      Spirit   .   b - +0 animal skin
rPois   ∞          Reflect  .   (no helmet)
rElec   +          Harm     .   (no cloak)
rCorr   .          Rampage  .   (no gloves)
Will    .....                   (no boots)
Stlth   +.........              (no amulet)
HPRegen 0.08/turn               (no ring)
MPRegen 0.08/turn               (no ring)

@: on berserk cooldown, slowed, very slow
A: sickness immunity, AC +3, negative energy resistance 1, electricity
resistance, torment resistance 1, petrification resistance
a: Renounce Religion, Berserk


You were on level 2 of the Dungeon.
You worshipped Trog.
Trog was aware of your devotion.
You visited 1 branch of the dungeon, and saw 2 of its levels.

You collected 11 gold pieces.

Inventory:

Hand Weapons
 a - a +0 mace (weapon)
Armour
 b - a +0 animal skin (worn)
Scrolls
 c - 2 scrolls of identify {unknown}
Potions
 d - a potion of berserk rage


   Skills:
 + Level 3.7 Fighting
 * Level 3.8 Maces & Flails
 + Level 2.8 Armour
 - Level 1.5 Dodging


You had 2 spell levels left.
You didn't know any spells.
Your spell library was empty.

Dungeon Overview and Level Annotations

Branches:
Dungeon (2/15)

Altars:


Innate Abilities, Weirdness & Mutations

You are immune to sickness and miasma.
Your stone body is resilient. (AC +3)
You are immune to poison.
You resist negative energy. (rN+)
You are resistant to electric shocks. (rElec)
You are resistant to unholy torment.
You are immune to petrification.


Message History

No target in view!
No target in view!
No target in view!
No target in view!
No target in view!
No target in view!
No target in view!
No target in view!
No target in view!
You closely miss something. You miss something. Something hits you.
You closely miss something. Something hits you but does no damage.
You closely miss something. Something hits you.
You completely miss something. Something hits you but does no damage.
You miss something.
You hear some strange, mumbled words.
You are confused.
Items here: ) ? [ †.
You feel a strong urge to attack something.
You are no longer berserk.
You are exhausted.
You feel yourself slow down.
You hear some strange, mumbled words.
A magic dart appears from out of thin air!
The magic dart hits you!
* * * LOW HITPOINT WARNING * * *
Things that are here:
a +0 mace; a +0 leather armour; 7 gold pieces
Okay, then.
It was a potion of berserk rage.
You're still recovering from your berserk rage.
Something hits you but does no damage.
Okay, then.
You miss something. Something hits you.
* * * LOW HITPOINT WARNING * * *
Something hits you but does no damage.
You feel less confused.
A magic dart appears from out of thin air!
The magic dart hits you.
You die...

#. #.# #.# #.#
.. #.# #.###.#
#..##.# #
#######.##.#.#
.......{.....#
.......))..###
.......@...#
...........#
#########..#
#.># ##.# .#
.#


There were no monsters in sight!

Vanquished Creatures
  An adder (D:2)
  A dart slug (D:2)
  2 orcs (D:2)
  3 endoplasms (D:1)
  3 giant cockroaches
  A goblin (D:2)
  2 hobgoblins (D:1)
  4 ball pythons (D:1)
  3 bats (D:1)
  2 frilled lizards (D:1)
  4 kobolds
  3 rats (D:1)
  A spectral kobold (D:1)
30 creatures vanquished.

Notes
Turn   | Place    | Note
-------+----------+-------------------------------------------
     0 | D:1      | Infinimo the Gargoyle Berserker began the quest for the
                  | Orb.
     0 | D:1      | Reached XP level 1. HP: 14/14 MP: 1/1
   388 | D:1      | Reached XP level 2. HP: 19/19 MP: 2/2
   928 | D:1      | Found a faded altar of an unknown god.
  1254 | D:2      | Reached XP level 3. HP: 17/24 MP: 3/3
  1484 | D:2      | Killed from afar by an orc wizard

Illustrated notes

Levels and vault maps discovered:
D:1:      minmay_arrival_five_plusses, layout_basic,
          dreamdust_ecumenical_altar_drowned_temple, minmay_misc_feat_x,
          st_stairs_14
D:2:      layout_basic, uniq_jessica, uniq_natasha

Action                   || total
-------------------------++-------
Melee: Mace              ||   100
Invok: Berserk           ||     3
  Use: Potion            ||     1
 Stab: Sleeping          ||     1
Armor: Animal skin       ||    47
Dodge: Dodged            ||    73
